 Dungeon Crawl Stone Soup version 0.30-a0-743-gbfdf073431 (webtiles) character file.

Game seed: 8184943546472787336

382 Farfigtubin the Sneak (level 7, -1/37 (38) HPs)
             Began as a Kobold Enchanter on Feb 7, 2023.
             Succumbed to a kobold brigand's poison
             ... in a sewer.
             The game lasted 00:31:42 (2560 turns).

Farfigtubin the Sneak (Kobold Enchanter)            Turns: 2560, Time: 00:31:42

HP:   -1/37 (38)    AC:  2    Str:  5    XL:     7   Next: 5%
MP:   6/11          EV: 16    Int: 16    God:
Gold: 133           SH:  0    Dex: 18    Spells: 7/12 levels left

rFire   . . .      SeeInvis .    a - +1 dagger
rCold   . . .      Faith    .    (no shield)
rNeg    . . .      Spirit   .    b - +0 robe
rPois   .          Reflect  .    (no helmet)
rElec   .          Harm     .    (no cloak)
rCorr   .          Rampage  .    (no gloves)
Will    .....                    (no boots)
Stlth   +++++                    (no amulet)
HPRegen 0.26/turn                (no ring)
MPRegen 0.12/turn                (no ring)

@: lethally poisoned (-1 -> -11), lightly drained
A: small, no large weapons, nightstalker 3
a: no special abilities


You were in a sewer.
You visited 1 branch of the dungeon, and saw 3 of its levels.
You also visited: Sewer.

You collected 133 gold pieces.

Inventory:

Hand Weapons
 a - a +1 dagger (weapon)
Armour
 b - a +0 robe (worn)
Scrolls
 e - a scroll of poison {unknown}
 f - a scroll of fog {unknown}
 g - a scroll of magic mapping {unknown}
 h - a scroll of teleportation {unknown}
 i - 2 scrolls of identify {unknown}
 k - a scroll of immolation {unknown}
 m - a scroll of noise {unknown}
 n - a scroll of blinking {unknown}
Potions
 c - a potion of invisibility
 d - a potion of heal wounds {unknown}
 j - a potion of berserk rage {unknown}
 l - a potion of curing {unknown}


   Skills:
 + Level 1.3 Fighting
 + Level 1.9 Short Blades
 + Level 3.4 Dodging
 * Level 7.4 Stealth
 + Level 3.0 Spellcasting
 + Level 4.1 Hexes
 + Level 1.7 Ice Magic


You had 7 spell levels left.
You knew the following spells:

 Your Spells              Type           Power      Damage    Failure   Level
a - Ensorcelled Hibernat  Hex/Ice        22%        N/A       9%          2
b - Confusing Touch       Hex            15%        N/A       10%         3

Your spell library contained the following spells:

 Spells                   Type           Power      Damage    Failure   Level
 Tukima's Dance           Hex            15%        N/A       10%         3
 Dazzling Flash           Conj/Hex       18%        N/A       24%         3


Dungeon Overview and Level Annotations

Branches:
Dungeon (3/15)              Sewer (1/1)

Altars:

Annotations:
Sewer Grinder


Innate Abilities, Weirdness & Mutations

You are small and have problems with some larger weapons.
You are completely attuned to the shadows.


Message History

Grinder says, "DUCK!"
Grinder hits you but does no damage.
You can move again.
You hit Grinder but do no damage. The kobold hits you but does no damage.
Grinder closely misses you.
The kobold brigand throws a poisoned dart.
The poisoned dart closely misses you.
You closely miss Grinder. The kobold closely misses you. Grinder hits you.
* * * LOW HITPOINT WARNING * * *
You writhe in agony.
* * * LOW HITPOINT WARNING * * *
The kobold brigand throws a poisoned dart.
The poisoned dart misses you.
You hit Grinder but do no damage. The kobold closely misses you.
Grinder completely misses you.
You hit Grinder but do no damage.
Grinder blinks!
The kobold completely misses you.
The kobold brigand completely misses you.
The kobold attacks as you move away! The kobold closely misses you.
The kobold attacks as you move away! The kobold hits you with a +0 club.
* * * LOW HITPOINT WARNING * * *
Aiming: Ensorcelled Hibernation (safe; 9% risk of failure)
Press: ? - help, Q - select action, (/) - cycle Shift-Dir - straight line, f/p - kobold
Aim: a kobold, wielding a +0 club (chance to confuse on hit: 66%, chance to affect: 62%)
The kobold looks drowsy...
Your hands stop glowing.
Grinder blinks!
The helpless kobold fails to defend itself.
You impale the kobold!!
You kill the kobold!
Grinder blinks!
The kobold brigand hits you from afar with a +0 spear.
* * * LOW HITPOINT WARNING * * *
Grinder closely misses you.
The kobold brigand throws a poisoned dart.
The poisoned dart hits you!
You are lethally poisoned!
You hit Grinder.
Grinder is lightly wounded.
You die...

≈≈≈≈ ≈≈# ~~≈≈ ~~# ≈≈≈≈ ~≈#
#### #######~## ≈≈≈≈~.).~≈#
≈≈≈~~.#)≈~# ≈≈≈≈≈≈.#)≈≈#
≈≈≈≈≈≈≈≈≈≈≈≈≈≈.#5.≈# ≈..K≈
≈≈≈≈≈≈≈≈≈≈~≈...#@~≈###'''##
≈≈≈≈≈≈≈≈≈~..).#.~≈##.....##
###≈#≈≈###≈#)####)###..⌠...#≈
............)≈~#..K#....)⌠.'.
.......†...)≈≈≈~...'§K._)..'.
.............≈~#.).#..÷.)⌠.'Z
##≈##~##≈###.####.###..⌠...#~
≈≈≈~≈≈~≈≈≈~....#.~≈##.....##
≈≈≈≈≈≈≈≈≈≈≈~~..#.~≈###'''##


You could see Grinder and a kobold brigand.

Vanquished Creatures
  A kobold brigand (Sewer)
  A necrophage (Sewer)
  Jessica (D:2)
  Terence (D:2)
  7 gnolls (D:2)
  An adder (D:2)
  3 shadow imps (Sewer)
  4 ufetubi (Sewer)
  An adder zombie (Sewer)
  A worm (D:2)
  4 bats
  6 endoplasms
  4 giant cockroaches
  8 hobgoblins
  5 ball pythons
  2 frilled lizards
  4 goblins
  21 kobolds
  4 kobold zombies (Sewer)
  4 rats
83 creatures vanquished.

Vanquished Creatures (others)
  A plant (D:1)
1 creature vanquished.

Grand Total: 84 creatures vanquished

Notes
Turn   | Place    | Note
-------+----------+-------------------------------------------
     0 | D:1      | Farfigtubin the Kobold Enchanter began the quest for the
                  | Orb.
     0 | D:1      | Reached XP level 1. HP: 10/10 MP: 3/3
   150 | D:1      | Reached XP level 2. HP: 12/15 MP: 5/5
   504 | D:1      | Learned a level 2 spell: Ensorcelled Hibernation
   535 | D:1      | Reached XP level 3. HP: 19/19 MP: 1/6
   791 | D:2      | Found a faded altar of an unknown god.
   917 | D:2      | Noticed Terence
   924 | D:2      | Killed Terence
   925 | D:2      | Reached skill level 5 in Stealth
   925 | D:2      | Reached XP level 4. HP: 15/24 MP: 3/7
  1256 | D:2      | Noticed Jessica
  1260 | D:2      | Killed Jessica
  1267 | D:2      | Reached XP level 5. HP: 28/28 MP: 3/8
  1411 | D:2      | Reached skill level 1 in Ice Magic
  1464 | D:2      | Reached skill level 6 in Stealth
  1868 | D:3      | Found a glowing drain.
  1872 | Sewer    | Entered a sewer
  1920 | Sewer    | Reached XP level 6. HP: 3/33 MP: 8/10
  2067 | Sewer    | Learned a level 3 spell: Confusing Touch
  2176 | Sewer    | Found an ancient bone altar of Kikubaaqudgha.
  2183 | Sewer    | Reached skill level 1 in Fighting
  2183 | Sewer    | Reached skill level 7 in Stealth
  2445 | Sewer    | Noticed Grinder
  2480 | Sewer    | Reached XP level 7. HP: 11/37 MP: 4/11
  2546 | Sewer    | Paralysed by Grinder for 3 turns
  2560 | Sewer    | Succumbed to a kobold brigand's poison

Illustrated notes

Levels and vault maps discovered:
D:1:      mushboom_english_gardens, layout_rooms, serial_forest,
          infiniplex_forest_clump_small, infiniplex_forest_end_2,
          infiniplex_forest_zigzag_1, infiniplex_forest_clump_long,
          infiniplex_forest_lined_room_2, infiniplex_forest_lined_room_3,
          infiniplex_forest_lined_3
D:2:      kennysheep_big_flooded_room, layout_loops_ring,
          ebering_ecumenical_altar_webs, uniq_terence, uniq_jessica
D:3:      layout_loops_ring, nicolae_overflow_hidden_temple,
          gup_sewer_entry_bowl, minmay_quadrilaterals, uniq_sigmund
Sewer:    kennysheep_sewer_church

Skill      XL: |  1  2  3  4  5  6 |
---------------+-------------------+-----
Stealth        | 5 6 7 |  7.4
Dodging        | 3 |  3.4
Ice Magic      | 1 |  1.7
Fighting       | 1 |  1.3
Spellcasting   | 3 |  3.0
Hexes          | 4 |  4.1
Short Blades   | |  1.9

Action                     |  1- 3 |  4- 6 |  7- 9 || total
---------------------------+-------+-------+-------++-------
  Melee: Dagger            |    75 |   129 |     7 ||   211
         Punch             |     1 |     2 |       ||     3
   Cast: Ensorcelled Hiber |    11 |    35 |     2 ||    48
         Confusing Touch   |       |     9 |     1 ||    10
    Use: Potion            |       |     1 |       ||     1
   Stab: Sleeping          |    17 |    37 |     1 ||    55
         Confused          |       |     6 |       ||     6
         Invisible         |       |     1 |       ||     1
 Armour: Robe              |     6 |    13 |     2 ||    21
  Dodge: Dodged            |    53 |   143 |    12 ||   208

Table legend: (Time is in decaauts)
 A = Elapsed time spent in this place.
 B = Non-inter-level travel time spent in this place.
 C = Inter-level travel time spent in this place.
 D = Time resting spent in this place.
 E = Time spent auto-exploring this place.
 F = Levels seen in this place.
 G = Mean time per level.
                   A        B        C        D        E       F      G
               +--------+--------+--------+--------+--------+-----+--------+
         Total |   2550 |   2550 |      0 |    127 |      0 |   4 |  637.5 |
       Dungeon |   1869 |   1869 |      0 |     28 |      0 |   3 |  623.0 |
         Sewer |    681 |    681 |      0 |     99 |      0 |   1 |  681.0 |
               +--------+--------+--------+--------+--------+-----+--------+

Top non-repeatable levels by time:
     D:2: 933 daAuts
     D:1: 750 daAuts
   Sewer: 681 daAuts
     D:3: 184 daAuts
